 Seeded DCSS version 0.27-a0-323-gbd089401bb (webtiles) character file.

Game seed: 9349506858573456347 (custom seed)

407 innerfire43 the Skirmisher (level 6, -18/52 HPs)
             Began as a Demonspawn Wanderer on Feb 10, 2021.
             Was an Initiate of Sif Muna.
             Killed from afar by a raiju (23 damage)
             ... with a living lightning
             ... on level 1 of the Abyss.
             The game lasted 00:07:48 (3793 turns).

innerfire43 the Skirmisher (Demonspawn Wanderer)    Turns: 3793, Time: 00:07:48

Health: -18/52     AC: 15    Str: 15    XL:     6   Next: 57%
Magic:  6/6        EV:  7    Int: 12    God:    Sif Muna [......]
Gold:   289        SH:  8    Dex: 13    Spells: 5/5 levels left

rFire    . . .     SeeInvis .   d - +4 dagger (protect)
rCold    . . .     Faith    .   j - +0 kite shield
rNeg     + . .     Spirit   .   f - +0 pearl dragon scales
rPois    .         Reflect  .   (no helmet)
rElec    .         Harm     .   q - +0 cloak
rCorr    .         Rampage  .   D - +0 pair of gloves
Will     .....                  (no boots)
Stlth    ..........             (no amulet)
HPRegen  0.17/turn              (no ring)
MPRegen  0.10/turn              (no ring)

@: no status effects
A: molten scales 1, demonic guardian 1, spiny 2
a: Renounce Religion


You were on level 1 of the Abyss.
You worshipped Sif Muna.
Sif Muna was noncommittal.
You visited 1 branch of the dungeon, and saw 5 of its levels.
You visited the Abyss 1 time.

You collected 289 gold pieces.

Inventory:

Hand Weapons
 a - a +0 dagger
 d - a +4 dagger of protection (weapon)
 B - a +3 quarterstaff of chaos
Missiles
 b - 3 throwing nets (quivered)
 r - 11 bolts
Armour
 e - a +0 leather armour
 f - +0 pearl dragon scales (worn)
 j - a +0 kite shield (worn)
 q - a +0 cloak (worn)
 C - a +0 cloak of willpower
 D - a +0 pair of gloves (worn)
Jewellery
 z - a ring of protection from cold {unknown}
Wands
 t - a wand of acid (7)
Scrolls
 g - 2 scrolls of identify
 h - 3 scrolls of amnesia
 n - 3 scrolls of immolation {unknown}
 o - 2 scrolls of random uselessness {unknown}
 u - a scroll of noise {unknown}
 v - a scroll of magic mapping {unknown}
 y - a scroll of teleportation {unknown}
Potions
 i - a potion of degeneration {unknown}
 k - 2 potions of flight {unknown}
 l - a potion of berserk rage {unknown}
 m - a potion of resistance {unknown}
 p - a potion of mutation {unknown}
 s - 2 potions of might {unknown}
 w - a potion of ambrosia {unknown}
 x - a potion of haste {unknown}
 A - a potion of attraction {unknown}


   Skills:
 + Level 5.8 Fighting
 + Level 2.8 Short Blades
 + Level 1.0 Throwing
 + Level 2.0 Armour
 + Level 3.3 Dodging
 + Level 0.8 Stealth
 + Level 2.5 Shields
 + Level 1.0 Unarmed Combat


You had 5 spell levels left.
You didn't know any spells.
Your spell library contained the following spells:

 Spells                   Type           Power        Failure   Level
 Summon Small Mammal      Summ           0%           100%        1
 Call Imp                 Summ           0%           100%        2
 Call Canine Familiar     Summ           0%           100%        3
 Summon Guardian Golem    Hex/Summ       0%           100%        3
 Summon Ice Beast         Ice/Summ       0%           100%        4
 Summon Lightning Spire   Summ/Air       0%           100%        4


Dungeon Overview and Level Annotations

Branches:
Dungeon (5/15)
 Temple: D:4-7

Altars:
Ashenzari
Dithmenos
Elyvilon
Hepliaklqana
Kikubaaqudgha
Nemelex Xobeh
Okawaru
Qazlal
Ru
Sif Muna
The Shining One


Innate Abilities, Weirdness & Mutations

You are partially covered in molten scales. (AC +2)
A weak demonic guardian rushes to your aid.
You are mostly covered in sharp spines.


Message History

You hit the raiju.
The raiju is lightly wounded.
Your ufetubus misses the raiju. x2; The raiju is struck by your spines.
The raiju bites you. The raiju shocks you!
Your ufetubus hits the raiju but does no damage. x2
The raiju bursts into living lightning!
The living lightning misses you.
The living lightning hits the raiju.
The raiju completely resists.
The living lightning hits the raiju.
The raiju completely resists.
The living lightning hits you!
* * * LOW HITPOINT WARNING * * *
The raiju blinks! x3
You feel better.
The raiju bursts into living lightning!
The living lightning hits you!
* * * LOW HITPOINT WARNING * * *
The living lightning hits the raiju.
The raiju completely resists.
The raiju blinks!
You feel better.
Your ufetubus hits the raiju but does no damage. x2
The raiju bursts into living lightning!
The living lightning misses you.
The living lightning hits the raiju.
The raiju completely resists.
The living lightning hits the raiju.
The raiju completely resists.
The living lightning hits you.
* * * LOW HITPOINT WARNING * * *
The raiju blinks! x3
The raiju bursts into living lightning!
The living lightning hits you!
* * * LOW HITPOINT WARNING * * *
The living lightning hits the raiju.
The raiju completely resists.
The raiju blinks! x3
Your ufetubus completely misses the raiju.
Your ufetubus barely misses the raiju.
The raiju bites you but does no damage.
As you read the scroll labelled BAEGHUIMAR, it crumbles to dust.
It is a scroll of identify.
h - 3 scrolls of amnesia Your ufetubus hits the raiju. x2
The raiju bursts into living lightning!
The living lightning hits the raiju.
The raiju completely resists.
The living lightning hits you!!
You die...

.. # ##.### .
..##......
.#......##
..........# #.
.......### ..
#.........##.#
.##.....5...#...
## #hh@h....∩.
##..........
#.....###.##
..........# # .
..###.....# .#.
#..###.# . ..##
.# # ...# # # .#


You could see 3 raiju and a friendly ufetubus (summoned).

Vanquished Creatures
  A scorpion (D:4)
  A howler monkey (D:4)
  Crazy Yiuf (D:4)
  3 worker ants (D:4)
  6 adders
  4 gnolls
  An ufetubus (D:5)
  An ooze (D:1)
  An adder skeleton (D:4)
  3 dart slugs
  2 leopard geckos
  4 orcs (D:3)
  4 bats
  4 giant cockroaches
  12 goblins
  14 hobgoblins
  3 jackals (D:3)
  6 kobolds
  A quokka (D:3)
  2 ball pythons (D:3)
  3 frilled lizards
  3 rats
80 creatures vanquished.

Vanquished Creatures (collateral kills)
  A jelly (Abyss:1)
  Robin (D:4)
  An orc (D:4)
  2 goblins (D:4)
5 creatures vanquished.

Grand Total: 85 creatures vanquished

Notes
Turn   | Place    | Note
-------+----------+-------------------------------------------
     0 | D:1      | innerfire43 the Demonspawn Wanderer began the quest for the
                  | Orb.
     0 | D:1      | innerfire43 set off with the following items: a +0 dagger,
                  | 3 throwing nets, a potion of curing, a potion of
                  | lignification, a +0 leather armour
     0 | D:1      | Reached XP level 1. HP: 21/21 MP: 1/1
   139 | D:1      | Gained mutation: You are partially covered in sharp spines.
                  | [demonic ancestry]
   139 | D:1      | Reached XP level 2. HP: 16/27 MP: 2/2
  1138 | D:2      | Gained mutation: A weak demonic guardian rushes to your
                  | aid. [demonic ancestry]
  1138 | D:2      | Reached XP level 3. HP: 33/33 MP: 3/3
  1267 | D:2      | Found an ancient bone altar of Kikubaaqudgha.
  1514 | D:2      | Reached skill level 1 in Short Blades
  1590 | D:2      | Found an iron altar of Okawaru.
  1782 | D:3      | Gained mutation: You are partially covered in molten
                  | scales. (AC +2) [demonic ancestry]
  1782 | D:3      | Reached XP level 4. HP: 38/40 MP: 4/4
  2093 | D:3      | Reached skill level 1 in Armour
  2393 | D:3      | Reached XP level 5. HP: 45/46 MP: 5/5
  2470 | D:3      | Found a faded altar of an unknown god.
  2892 | D:4      | Found a white marble altar of Elyvilon.
  2995 | D:4      | Noticed Robin
  3007 | D:4      | Killed Robin
  3008 | D:4      | Gained mutation: You are mostly covered in sharp spines.
                  | [demonic ancestry]
  3008 | D:4      | Reached XP level 6. HP: 43/52 MP: 6/6
  3247 | D:4      | Found a shimmering blue altar of Sif Muna.
  3284 | D:4      | Became a worshipper of Sif Muna the Loreminder
  3340 | D:4      | Found a broken altar of Ashenzari.
  3428 | D:4      | Found a hazy altar of Hepliaklqana.
  3430 | D:4      | Found a sacrificial altar of Ru.
  3433 | D:4      | Found a shadowy altar of Dithmenos.
  3433 | D:4      | Found a glowing golden altar of the Shining One.
  3436 | D:4      | Found a stormy altar of Qazlal.
  3597 | D:4      | Found a sparkling altar of Nemelex Xobeh.
  3625 | D:4      | Found a runed translucent door.
  3626 | D:4      | Noticed Crazy Yiuf
  3635 | D:4      | Killed Crazy Yiuf
  3736 | D:5      | Entered Level 5 of the Dungeon
  3769 | D:5      | Cast into level 1 of the Abyss (gnoll sergeant)
  3785 | Abyss:1  | Noticed a raiju
  3785 | Abyss:1  | Noticed a raiju
  3785 | Abyss:1  | Noticed a raiju
  3793 | Abyss:1  | Killed from afar by a raiju

Illustrated notes

Levels and vault maps discovered:
D:1:      matt_arrival_grand_opening, layout_basic
D:2:      layout_rooms, old_standard_altar, old_standard_altar
D:3:      layout_loops_ring, chequers_ecumenical_altar_simple_redux,
          grunt_decor_arrowhead
D:4:      layout_rooms, nemelex_xobeh_ov_fountains_minmay,
          grunt_temple_overflow_open, lemuel_round_altar,
          nicolae_ashenzari_panopticon, led_sif_pool, skrybe_limestone_x,
          minmay_misc_feat_secret_circle, hangedman_decor_opposing,
          uniq_crazy_yiuf_cottage, uniq_robin
D:5:      layout_rooms, enter_ossuary_4
Abyss:1:  base:
Temple

Skill      XL: |  1  2  3  4  5  6 |
---------------+-------------------+-----
Dodging        | 2 3 |  3.3
Short Blades   | 1 2 |  2.8
Armour         | 1 2 |  2.0
Shields        | 2 |  2.5
Fighting       | |  5.8
Throwing       | |  1.0
Stealth        | |  0.8
Unarmed Combat | |  1.0

Action                   |  1- 3 |  4- 6 || total
-------------------------+-------+-------++-------
Melee: Dagger            |   110 |   192 ||   302
  Use: Potion            |       |     4 ||     4
       Scroll            |       |     1 ||     1
 Stab: Distracted        |       |     1 ||     1
Armor: Leather armour    |    17 |       ||    17
       Pearl dragon scal |    43 |   100 ||   143
       Skin              |       |    51 ||    51
Dodge: Dodged            |    43 |    55 ||    98
Block: Kite shield       |    23 |   101 ||   124

Table legend: (Time is in decaauts)
 A = Elapsed time spent in this place.
 B = Non-inter-level travel time spent in this place.
 C = Inter-level travel time spent in this place.
 D = Time resting spent in this place.
 E = Time spent auto-exploring this place.
 F = Levels seen in this place.
 G = Mean time per level.
                   A        B        C        D        E       F      G
               +--------+--------+--------+--------+--------+-----+--------+
         Total |   3834 |   3764 |     70 |      0 |   2853 |   6 |  639.0 |
       Dungeon |   3810 |   3740 |     70 |      0 |   2853 |   5 |  762.0 |
         Abyss |     24 |     24 |      0 |      0 |      0 |   1 |   24.0 |
               +--------+--------+--------+--------+--------+-----+--------+

Top non-repeatable levels by time:
     D:4: 1151 daAuts
     D:1: 1132 daAuts
     D:3: 940 daAuts
     D:2: 552 daAuts
     D:5: 34 daAuts
 Abyss:1: 24 daAuts
